 Dungeon Crawl Stone Soup version 0.28.0 (webtiles) character file.

Game seed: 14228245457353557498

4564 Sanktem7 the Carver (level 10, -2/90 HPs)
             Began as a Minotaur Berserker on Feb 8, 2022.
             Was an Elder of Trog.
             Slain by a vampire mosquito (8 damage)
             ... on level 9 of the Dungeon.
             The game lasted 00:18:08 (10591 turns).

Sanktem7 the Carver (Minotaur Berserker)           Turns: 10591, Time: 00:18:08

Health: -2/90      AC: 13    Str: 24    XL:     10   Next: 18%
Magic:  9/9        EV:  9    Int:  6    God:    Trog [****..]
Gold:   389        SH:  5    Dex: 10    Spells: 9/9 levels left

rFire   . . .      SeeInvis +   a - +1 falchion
rCold   . . .      Faith    .   (no shield)
rNeg    . . .      Spirit   .   l - +1 chain mail
rPois   +          Reflect  +   (helmet restricted)
rElec   .          Harm     .   (no cloak)
rCorr   .          Rampage  .   d - +0 pair of gloves
Will    .....                   (no boots)
Stlth   ..........              i - amulet of reflection
HPRegen 0.25/turn               e - ring of poison resistance
MPRegen 0.11/turn               p - ring of see invisible

@: no status effects
A: horns 2, retaliatory headbutt
a: Renounce Religion, Berserk, Trog's Hand, Brothers in Arms


You were on level 9 of the Dungeon.
You worshipped Trog.
Trog was greatly pleased with you.
You visited 1 branch of the dungeon, and saw 9 of its levels.

You collected 389 gold pieces.

Inventory:

Hand Weapons
 a - a +1 falchion (weapon)
Armour
 d - a +0 pair of gloves (worn)
 l - a +1 chain mail (worn)
Jewellery
 e - a ring of poison resistance (left hand)
 i - an amulet of reflection (around neck)
 p - a ring of see invisible (right hand)
 u - a ring of flight
Wands
 b - a wand of iceblast (26)
 s - a wand of polymorph (9)
 t - a wand of charming (11)
Scrolls
 m - a scroll of identify
 n - a scroll of acquirement {unknown}
 o - 2 scrolls of immolation
 q - 2 scrolls of teleportation
 r - a scroll of amnesia {unknown}
Potions
 f - a potion of flight {unknown}
 g - 2 potions of cancellation
 h - 3 potions of attraction
 j - a potion of brilliance
 k - 2 potions of haste {unknown}


   Skills:
 + Level 8.8 Fighting
 + Level 11.8 Long Blades
 + Level 9.4 Armour
 + Level 4.0 Dodging
 + Level 1.9 Stealth
 + Level 4.5 Shields


You had 9 spell levels left.
You didn't know any spells.
Your spell library was empty.

Dungeon Overview and Level Annotations

Branches:
Dungeon (9/15)             Temple (0/1) D:6            Lair (0/6) D:8
    Orc: D:9-12

Altars:
Fedhas

Annotations:
D:8 3 runed translucent doors, ragingrage's ghost, novice MiBe


Innate Abilities, Weirdness & Mutations

You have a pair of horns on your head.
You reflexively headbutt those who attack you in melee.


Message History

The vampire mosquito closely misses you.
The vampire mosquito barely misses you.
You closely miss the vampire mosquito.
The vampire mosquito is moderately damaged.
The vampire mosquito barely misses you.
You block the vampire mosquito's attack.
The vampire mosquito bites you but does no damage.
The vampire mosquito bites you!
* * * LOW HITPOINT WARNING * * *
The vampire mosquito draws strength from your injuries!
You are confused.
You feel invigorated.
The vampire mosquito bites you but does no damage.
The vampire mosquito barely misses you.
The vampire mosquito closely misses you.
The vampire mosquito bites you.
* * * LOW HITPOINT WARNING * * *
The vampire mosquito draws strength from your injuries!
The vampire mosquito bites you but does no damage. x2
You are too confused!
Unknown command.
You're too confused to move!
The vampire mosquito bites you!
* * * LOW HITPOINT WARNING * * *
The vampire mosquito draws strength from your injuries!
The vampire mosquito barely misses you.
The vampire mosquito bites you but does no damage.
The vampire mosquito closely misses you.
The vampire mosquito bites you.
* * * LOW HITPOINT WARNING * * *
The vampire mosquito draws strength from your injuries!
The vampire mosquito bites you!
* * * LOW HITPOINT WARNING * * *
The vampire mosquito draws strength from your injuries!
You are too confused!
It was a potion of cancellation.
Your magical effects are unravelling.
You feel magically purged.
You feel less invigorated.
You feel less confused. The vampire mosquito bites you!
You die...

.......^.....
............
...........
#..........
#..........
########..........
..................
........y.....[...
.......@y.........
#########y..#######
...................
...................
....[..<...........
..###############..
.


You could see 3 vampire mosquitoes.

Vanquished Creatures
  Pikel (D:7)
  A hornet (D:8)
  A vampire mosquito (D:9)
  A steam dragon (D:8)
  Menkaure (D:7)
  4 water moccasins
  3 orc warriors
  2 sky beasts
  A black bear (D:7)
  2 necrophages
  6 ogres
  2 centaurs
  2 phantoms
  3 scorpions
  3 bullfrogs
  A wyvern skeleton (D:5)
  4 killer bees (D:7)
  A howler monkey (D:6)
  3 wights (D:8)
  2 centaur zombies (D:8)
  6 orc priests
  2 hounds (D:7)
  2 jellies
  Crazy Yiuf (D:7)
  3 iguanas
  7 orc wizards
  A hound skeleton (D:5)
  2 howler monkey zombies
  6 adders
  5 ufetubi
  An adder skeleton (D:4)
  A worm (D:3)
  2 dart slugs
  21 orcs
  2 ball pythons (D:3)
  5 bats
  10 endoplasms
  2 giant cockroaches
  8 goblins
  4 hobgoblins
  A jackal (D:1)
  9 kobolds
  2 quokkas (D:2)
  4 frilled lizards (D:1)
  A quokka skeleton (D:4)
  3 rats
155 creatures vanquished.

Notes
Turn   | Place    | Note
-------+----------+-------------------------------------------
     0 | D:1      | Sanktem7 the Minotaur Berserker began the quest for the
                  | Orb.
     0 | D:1      | Reached XP level 1. HP: 19/19 MP: 0/0
   847 | D:1      | Reached XP level 2. HP: 16/27 MP: 1/1
  1576 | D:2      | Reached skill level 4 in Long Blades
  1581 | D:2      | Reached XP level 3. HP: 33/33 MP: 2/2
  2074 | D:2      | Reached ** piety under Trog
  2864 | D:3      | Reached skill level 1 in Stealth
  2864 | D:3      | Reached XP level 4. HP: 33/41 MP: 3/3
  2984 | D:3      | Found a faded altar of an unknown god.
  3092 | D:3      | HP: 1/41 [goblin/stone (3)]
  3101 | D:3      | Reached skill level 5 in Long Blades
  3101 | D:3      | Reached XP level 5. HP: 15/47 MP: 4/4
  3726 | D:4      | Reached skill level 5 in Fighting
  3986 | D:4      | Noticed an ogre
  4000 | D:4      | Killed an ogre
  4001 | D:4      | Reached skill level 1 in Shields
  4001 | D:4      | Reached XP level 6. HP: 17/56 MP: 5/5
  4012 | D:4      | Reached skill level 6 in Long Blades
  4955 | D:5      | Entered Level 5 of the Dungeon
  5041 | D:5      | Found a blossoming altar of Fedhas.
  5051 | D:5      | Reached XP level 7. HP: 13/62 MP: 6/6
  5663 | D:5      | Reached skill level 7 in Long Blades
  5668 | D:5      | Reached *** piety under Trog
  5786 | D:5      | Reached skill level 5 in Armour
  6272 | D:6      | Reached XP level 8. HP: 23/71 MP: 7/7
  6317 | D:6      | Reached skill level 8 in Long Blades
  6763 | D:6      | Found a staircase to the Ecumenical Temple.
  7319 | D:6      | Reached skill level 9 in Long Blades
  7519 | D:7      | Reached XP level 9. HP: 63/79 MP: 8/8
  7598 | D:7      | Noticed Pikel
  7618 | D:7      | Killed Pikel
  7619 | D:7      | Reached skill level 10 in Long Blades
  7666 | D:7      | Reached **** piety under Trog
  7852 | D:7      | Found a runed translucent door.
  7853 | D:7      | Noticed Crazy Yiuf
  8201 | D:7      | Noticed Menkaure
  8207 | D:7      | Killed Menkaure
  8328 | D:7      | Reached skill level 11 in Long Blades
  8729 | D:7      | Killed Crazy Yiuf
  9454 | D:8      | Reached XP level 10. HP: 76/90 MP: 9/9
 10173 | D:8      | Found a runed translucent gate.
 10173 | D:8      | Found a runed translucent gate.
 10175 | D:8      | Found a runed translucent gate.
 10203 | D:8      | Noticed ragingrage's ghost (novice MiBe)
 10325 | D:8      | Found a staircase to the Lair.
 10590 | D:9      | HP: 2/90 [vampire mosquito (9)]
 10591 | D:9      | Slain by a vampire mosquito

Illustrated notes

Levels and vault maps discovered:
D:1:      mrwooster_arrival_statue, layout_loops_corners, minmay_surrounded
D:2:      layout_loops_corners, serial_aquarium, aquarium_bridge_square
          [aquarium_subvault_window, aquarium_subvault_bridge,
          aquarium_subvault_balcony, aquarium_subvault_bridge],
          aquarium_bridge_long_joined [aquarium_subvault_bridge,
          aquarium_subvault_bridge, aquarium_subvault_wall,
          aquarium_subvault_wall, aquarium_subvault_wall,
          aquarium_subvault_balcony], aquarium_window_2, aquarium_window_fake,
          aquarium_window_corner, aquarium_view_2e, aquarium_view_2e,
          aquarium_balcony_3b, aquarium_pool_double, hangedman_decor_lopped
D:3:      layout_rooms, shapermc_ecumenical_altar_flowoftime,
          grunt_ministairs_10, minmay_stone_trees_small
D:4:      layout_basic
D:5:      layout_loops_ring, kennysheep_mini
D:6:      layout_loops_ring, minmay_temple_entry_large_hall
D:7:      layout_loops_corners, uniq_menkaure, uniq_crazy_yiuf_cottage,
          uniq_pikel
D:8:      layout_loops_corners, lair_entry_dummy, gammafunk_ghost_necromancy
D:9:      layout_long_grid, orc_0_dummy

Skill      XL: |  1  2  3  4  5  6  7  8  9 |
---------------+----------------------------+-----
Fighting       | 4 5 6 7 8 |  8.8
Long Blades    | 4 5 6 7 9 11 | 11.8
Stealth        | 1 |  1.9
Dodging        | 3 4 |  4.0
Armour         | 3 4 6 7 9 |  9.4
Shields        | 1 2 3 4 |  4.5

Action                   |  1- 3 |  4- 6 |  7- 9 | 10-12 || total
-------------------------+-------+-------+-------+-------++-------
Melee: Falchion          |    81 |   110 |   328 |    53 ||   572
       Headbutt          |     5 |    17 |    54 |    14 ||    90
       Punch             |     2 |     1 |     5 |     1 ||     9
  Use: Scroll            |     3 |     2 |     3 |       ||     8
       Potion            |       |     3 |     3 |     2 ||     8
Armor: Animal skin       |    19 |       |       |       ||    19
       Chain mail        |    10 |    62 |   113 |    49 ||   234
       Skin              |       |       |     2 |       ||     2
Dodge: Dodged            |    47 |    40 |   103 |    40 ||   230
Block: Other             |     5 |    16 |    68 |    22 ||   111
       Reflection        |       |       |     1 |     2 ||     3
